 Dungeon Crawl Stone Soup version 0.31-a0-426-g3a05650e59 (webtiles) character file.

Game seed: 6068309264060752188

3 Ofeo the Sneak (level 1, -3/13 HPs)
             Began as a Demonspawn Wanderer on July 30, 2023.
             Succumbed to a kobold's poison
             ... on level 1 of the Dungeon.
             The game lasted 00:00:26 (145 turns).

Ofeo the Sneak (Demonspawn Wanderer)                 Turns: 145, Time: 00:00:26

Health: -3/13      AC:  3    Str: 10    XL:     1   Next: 41%
Magic:  2/2        EV: 11    Int: 15    God:
Gold:   0          SH:  0    Dex: 12    Spells: 1/2 levels left

rFire   . . .        a - +0 dagger
rCold   . . .        (no shield)
rNeg    . . .        f - +0 robe
rPois   .            e - +0 helmet
rElec   .            (no cloak)
rCorr   .            (no gloves)
SInv    .            (no boots)
Will    .....        (no amulet)
Stlth   ++           (no ring)
HPRegen 0.22/turn    (no ring)
MPRegen 0.08/turn

%: no passive effects
@: lethally poisoned (-3 -> -25)
A: no striking features
a: no special abilities


You were on level 1 of the Dungeon.
You visited 1 branch of the dungeon, and saw 1 of its levels.

Inventory:

Hand Weapons
 a - a +0 dagger (weapon)
Missiles
 b - an atropa-tipped dart (quivered)
 c - 2 datura-tipped darts
Armour
 e - a +0 helmet (worn)
 f - a +0 robe (worn)
Wands
 d - a wand of flame (6)
Potions
 h - a potion of heal wounds {@q2}


   Skills:
 + Level 1.0 Dodging
 + Level 2.7 Stealth
 + Level 1.1 Spellcasting
 + Level 2.0 Hexes
 + Level 1.3 Invocations
 + Level 2.0 Evocations


You had one spell level left.
You knew the following spells:

 Your Spells              Type           Power      Damage    Failure   Level
a - Slow                  Hex            24%        N/A       11%         1

Your spell library contained the following spells:

 Spells                   Type           Power      Damage    Failure   Level
 Confusing Touch          Hex            6%         N/A       32%         3


Dungeon Overview and Level Annotations

Branches:
Dungeon (1/15)

Altars:


Message History

You hit the endoplasm.
The endoplasm is almost dead.
The endoplasm freezes you.
You are frozen.
You take 3 damage, and have 10/13 hp.
MASSIVE DAMAGE!!
You hit the endoplasm.
You kill the endoplasm!
No target in view!
No target in view!
No target in view!
No target in view!
A kobold comes into view.
It is wielding a +2 short sword of venom.
Health restored: 13 A kobold is nearby!
A kobold is nearby!
The kobold shouts!
You hit the kobold.
The kobold is heavily wounded.
The kobold hits you with a +2 short sword of venom.
You are poisoned.
You take 3 damage, and have 10/13 hp.
MASSIVE DAMAGE!!
You barely miss the kobold.
The kobold is heavily wounded.
You feel very sick. The kobold hits you but does no damage.
You are lethally poisoned!
You take 3 damage, and have 7/13 hp.
MASSIVE DAMAGE!!
You are too injured to fight recklessly!
You are too injured to fight recklessly!
You are too injured to fight recklessly!
You closely miss the kobold.
The kobold is heavily wounded.
You feel very sick.
The kobold hits you with a +2 short sword of venom.
* * * LOW HITPOINT WARNING * * *
You are more poisoned.
You take 6 damage, and have 1/13 hp.
MASSIVE DAMAGE!!
You barely miss the kobold.
The kobold is moderately wounded.
You die...

##[#.###.###.#.#.#
#......<......#.###
#.#.###.###.#.#...#
+.....#.#.......#.#
# #.#.#.#.#.###...#
#.........# ##..#
###.#.#.### #...##
#.....#####.#..#
#@###.#........#
.......K#
###........#
.......##
#...........
.......
#####..#..##
####... ##....#
#... ##...# #...
#.># #... ###


You could see a kobold.

Vanquished Creatures
  2 bats (D:1)
  An endoplasm (D:1)
3 creatures vanquished.

Notes
Turn   | Place    | Note
-------+----------+-------------------------------------------
     0 | D:1      | Ofeo the Demonspawn Wanderer began the quest for the Orb.
     0 | D:1      | Ofeo set off with the following items: a +0 dagger, an
                  | atropa-tipped dart, 2 datura-tipped darts, a wand of flame
                  | (6), a +0 robe, a potion of heal wounds {@q2}; and the
                  | following spell memorised: Slow; and the following spells
                  | available to memorise: Confusing Touch.
     0 | D:1      | Reached XP level 1. HP: 13/13 MP: 2/2
   145 | D:1      | Succumbed to a kobold's poison

Illustrated notes

Levels and vault maps discovered:
D:1:      roderic_chinese_lattice_arrival, layout_basic, serial_shops,
          nicolae_shop_peninsula, st_stairs_11, serial_bayou_pond_e

Action                     || total
---------------------------++-------
  Melee: Dagger            ||    27
   Stab: Sleeping          ||     1
 Armour: Robe              ||    20
  Dodge: Dodged            ||    16

Table legend: (Time is in decaauts)
 A = Elapsed time spent in this place.
 B = Non-inter-level travel time spent in this place.
 C = Inter-level travel time spent in this place.
 D = Time resting spent in this place.
 E = Time spent auto-exploring this place.
 F = Levels seen in this place.
 G = Mean time per level.
                   A        B        C        D        E       F      G
               +--------+--------+--------+--------+--------+-----+--------+
         Total |    145 |    145 |      0 |      0 |     83 |   1 |  145.0 |
       Dungeon |    145 |    145 |      0 |      0 |     83 |   1 |  145.0 |
               +--------+--------+--------+--------+--------+-----+--------+

Top non-repeatable levels by time:
     D:1: 145 daAuts
